 Dungeon Crawl Stone Soup version 0.29-a0-321-gf1c400731a (webtiles) character file.

Game seed: 3502846455810023597

140 Colgate the Cutter (level 5, -2/30 HPs)
             Began as a Kobold Brigand on Apr 5, 2022.
             Was an Initiate of Makhleb.
             Slain by an orc
             ... wielding a +0 mace
              (5 damage)
             ... on level 3 of the Dungeon.
             The game lasted 00:04:00 (2296 turns).

Colgate the Cutter (Kobold Brigand)                 Turns: 2296, Time: 00:04:01

Health: -2/30      AC:  6    Str:  9    XL:     5   Next: 47%
Magic:  5/5        EV: 12    Int: 12    God:    Makhleb [......]
Gold:   124        SH:  0    Dex: 18    Spells: 4/4 levels left

rFire   . . .      SeeInvis .   a - +2 dagger
rCold   . . .      Faith    .   (no shield)
rNeg    . . .      Spirit   .   q - +0 ring mail
rPois   .          Reflect  .   (no helmet)
rElec   .          Harm     .   c - +0 cloak
rCorr   .          Rampage  .   (no gloves)
Will    .....                   (no boots)
Stlth   ++++......              (no amulet)
HPRegen 0.10/turn               (no ring)
MPRegen 0.09/turn               (no ring)

@: lethally poisoned (-2 -> -5)
A: small, no large weapons, nightstalker 3
a: Renounce Religion


You were on level 3 of the Dungeon.
You worshipped Makhleb.
Makhleb was noncommittal.
You visited 1 branch of the dungeon, and saw 3 of its levels.

You collected 124 gold pieces.

Inventory:

Hand Weapons
 a - a +2 dagger (weapon)
 j - a +0 hunting sling
Missiles
 d - 9 poisoned darts (quivered)
 e - 3 curare-tipped darts
Armour
 b - a +0 robe
 c - a +0 cloak (worn)
 k - a +0 leather armour
 q - a +0 ring mail (worn)
Magical Staves
 m - a staff of cold
Scrolls
 f - 2 scrolls of noise
 h - a scroll of holy word {unknown}
 i - a scroll of identify {unknown}
 n - a scroll of amnesia {unknown}
 o - a scroll of fog {unknown}
Potions
 g - a potion of flight {unknown}
 l - a potion of invisibility {unknown}
 p - 2 potions of resistance {unknown}
 r - 2 potions of mutation {unknown}


   Skills:
 - Level 2.1 Fighting
 + Level 7.0 Short Blades
 - Level 2.1 Throwing
 - Level 1.2 Dodging
 - Level 5.3 Stealth


You had 4 spell levels left.
You didn't know any spells.
Your spell library contained the following spells:

 Spells                   Type           Power      Damage    Failure   Level
 Animate Skeleton         Necr           0%         N/A       67%         1
 Apportation              Tloc           0%         N/A       67%         1
 Summon Small Mammal      Summ           0%         N/A       67%         1


Dungeon Overview and Level Annotations

Branches:
Dungeon (3/15)

Altars:
Makhleb


Innate Abilities, Weirdness & Mutations

You are small and have problems with some larger weapons.
You are completely attuned to the shadows.


Message History

The adder hisses angrily.
You hit the orc wizard.
You hear a shout!
The orc wizard hits you but does no damage.
You hear a shout!
You hit the orc wizard. The orc wizard closely misses you.
You hit the orc wizard but do no damage.
You hit the orc wizard but do no damage.
An orc comes into view. It is wielding a +0 hand axe.
The orc wizard hits you with a +0 dagger.
An orc comes into view. It is wielding a +0 flail.
The adder barely misses you.
You hit the orc wizard. The adder bites you but does no damage.
The orc wizard hits you with a +0 dagger.
You closely miss the orc wizard. You hit the orc wizard.
The adder completely misses you.
An orc comes into view. It is wielding a +0 mace.
The orc shouts!
You hear an angry hiss.
The adder bites you.
You are poisoned.
The adder poisons you! The orc closely misses you.
The orc wizard hits you but does no damage.
The adder bites you but does no damage.
You hit the orc.
You feel sick. The orc misses you.
The orc wizard hits you with a +0 dagger.
The orc hits you with a +0 flail.
You hit the orc wizard. The adder barely misses you.
You hit the orc wizard.
You kill the orc wizard!
Makhleb accepts your kill.
You feel sick. The adder barely misses you.
The orc hits you but does no damage. The orc hits you with a +0 mace.
* * * LOW HITPOINT WARNING * * *
The orc hits you but does no damage.
Your Short Blades skill increases to level 7!
You hit the adder.
You feel sick. The adder bites you.
* * * LOW HITPOINT WARNING * * *
You barely miss the adder. The orc closely misses you. The orc misses you.
The orc hits you with a +0 mace.
You die...

.................#.<......
......... ...#.#..........
......... .....#.##......
#.#...... .......###.....
......... .....### #...
#..#.†... ..#..## ##
##.#..... ......#####
##....... ......)....
......... .....S@o...
......... ...#..oo###
..#...... .....##S..
#.#..... ...... .... ..
.... .. ...# .. ..#####
....... ....... ...)<..


You could see an adder, 3 orcs and a ball python.

Vanquished Creatures
  Terence (D:2)
  An orc wizard (D:3)
  4 adders
  3 dart slugs
  2 orcs
  4 ball pythons
  4 bats
  2 endoplasms
  A giant cockroach (D:1)
  5 goblins
  2 hobgoblins
  A jackal (D:1)
  4 quokkas
  4 frilled lizards
  3 kobolds
  5 rats
46 creatures vanquished.

Notes
Turn   | Place    | Note
-------+----------+-------------------------------------------
     0 | D:1      | Colgate the Kobold Brigand began the quest for the Orb.
     0 | D:1      | Reached XP level 1. HP: 12/12 MP: 1/1
    61 | D:1      | Reached skill level 3 in Short Blades
    98 | D:1      | Reached XP level 2. HP: 12/17 MP: 2/2
   616 | D:1      | Reached skill level 4 in Short Blades
   980 | D:2      | Reached XP level 3. HP: 21/21 MP: 3/3
  1137 | D:2      | Reached skill level 5 in Short Blades
  1227 | D:2      | Reached XP level 4. HP: 23/26 MP: 4/4
  1285 | D:2      | Found a burning altar of Makhleb.
  1293 | D:2      | Became a worshipper of Makhleb the Destroyer
  1511 | D:2      | Noticed Terence
  1550 | D:2      | Killed Terence
  1551 | D:2      | Reached skill level 6 in Short Blades
  2115 | D:3      | Reached XP level 5. HP: 28/30 MP: 5/5
  2295 | D:3      | Reached skill level 7 in Short Blades
  2296 | D:3      | Slain by an orc

Illustrated notes

Levels and vault maps discovered:
D:1:      onia_arrival_pyramid, layout_loops_ring, st_stairs_9
D:2:      layout_rooms, basic_altar, minmay_misc_feat_nine_boxes, uniq_terence
D:3:      kennysheep_goblin_castle, layout_rooms, ebering_ecumenical_altar_hall

Skill      XL: |  1  2  3  4  5 |
---------------+----------------+-----
Short Blades   | 3 4 5 6 7 |  7.0
Fighting       | |  2.1
Throwing       | |  2.1
Dodging        | |  1.2
Stealth        | |  5.3

Action                   |  1- 3 |  4- 6 || total
-------------------------+-------+-------++-------
Melee: Dagger            |    60 |    91 ||   151
       Punch             |       |     1 ||     1
  Use: Scroll            |       |     1 ||     1
 Stab: Sleeping          |    12 |     5 ||    17
Armor: Robe              |    10 |     3 ||    13
       Ring mail         |       |    14 ||    14
Dodge: Dodged            |    31 |    46 ||    77

Table legend: (Time is in decaauts)
 A = Elapsed time spent in this place.
 B = Non-inter-level travel time spent in this place.
 C = Inter-level travel time spent in this place.
 D = Time resting spent in this place.
 E = Time spent auto-exploring this place.
 F = Levels seen in this place.
 G = Mean time per level.
                   A        B        C        D        E       F      G
               +--------+--------+--------+--------+--------+-----+--------+
         Total |   2258 |   2168 |     90 |      0 |   1806 |   3 |  752.7 |
       Dungeon |   2258 |   2168 |     90 |      0 |   1806 |   3 |  752.7 |
               +--------+--------+--------+--------+--------+-----+--------+

Top non-repeatable levels by time:
     D:2: 1083 daAuts
     D:1: 972 daAuts
     D:3: 201 daAuts
